 Dungeon Crawl Stone Soup version 0.22-a0-460-g49b1da7 (webtiles) character file.

13791 protoss039 the Archer (level 11, -1/142 HPs)
             Began as a Centaur Fighter on June 9, 2018.
             Was a High Priest of Okawaru.
             Shot with an arrow by a centaur (9 damage)
             ... on level 12 of the Dungeon on June 10, 2018.
             The game lasted 01:12:33 (18310 turns).

protoss039 the Archer (Centaur Fighter)            Turns: 18310, Time: 01:12:34

Health: -1/142     AC: 25    Str: 23    XL:     11   Next: 80%
Magic:  15/19      EV:  1    Int:  7    God:    Okawaru [*****.]
Gold:   753        SH:  0    Dex: 13    Spells: 10/10 levels left

rFire    + . .     SeeInvis .   H - +0 shortbow
rCold    + . .     Gourm    .   (shield currently unavailable)
rNeg     + + +     Faith    .   (armour currently unavailable)
rPois    +         Spirit   .   (helmet currently unavailable)
rElec    .         Reflect  .   (cloak currently unavailable)
rCorr    .         Harm     .   (gloves currently unavailable)
MR       .....     NoTele   +   (no barding)
Stlth    +++.......             (no amulet)
HPRegen  0.33/turn              b - ring "Faifoez" {rPois rF+ rN+}
MPRegen  0.16/turn              O - ring of protection from cold

@: mighty, tree-form, heroism, finesse, very slightly contaminated
A: large
a: Heroism, Finesse, Renounce Religion


You were on level 12 of the Dungeon.
You worshipped Okawaru.
Okawaru was extremely pleased with you.
You were not hungry.
You were a tree.
You visited 2 branches of the dungeon, and saw 13 of its levels.
You also visited: Ossuary.

You collected 753 gold pieces.

Inventory:

Hand Weapons
 g - a +3 broad axe
 C - a +1 whip of flaming
 H - a +0 shortbow (weapon)
 J - a +2 spear of freezing
Missiles
 l - 116 arrows (quivered)
Armour
 u - a +0 helmet (melded)
 B - a +2 buckler
 I - a +5 chain mail (melded)
 L - a +0 leather armour of fire resistance
 P - a scarf of cloud immunity (melded)
Jewellery
 b - the ring "Faifoez" (left branch) {rPois rF+ rN+}
   (You took it off a vampire on level 7 of the Dungeon)

   [ring of positive energy]

   It protects you from fire.
   It protects you from poison.
   It protects you from negative energy.
 N - an uncursed ring of fire
 O - a ring of protection from cold (right branch)
 S - an uncursed ring of positive energy
Wands
 c - a wand of iceblast (7)
 j - a wand of digging (13)
 E - a wand of paralysis (15)
 G - a wand of scattershot (5)
 K - a wand of flame (12)
 R - a wand of polymorph (18)
Scrolls
 h - 7 scrolls of teleportation
 m - 2 scrolls of immolation
 n - 2 scrolls of amnesia
 o - 5 scrolls of remove curse
 v - 2 scrolls of enchant armour
 y - a scroll of acquirement {unknown}
 z - 2 scrolls of enchant weapon {unknown}
 F - 3 scrolls of random uselessness {unknown}
 M - a scroll of fog {unknown}
 Q - a scroll of silence {unknown}
Potions
 a - a potion of mutation {unknown}
 d - a potion of might
 e - 3 potions of degeneration {unknown}
 p - 3 potions of flight {unknown}
 q - 4 potions of curing {unknown}
 r - 4 potions of haste {unknown}
 t - 4 potions of agility {unknown}
 w - 3 potions of brilliance {unknown}
 A - 3 potions of berserk rage {unknown}
 D - a potion of ambrosia {unknown}
Comestibles
 f - 22 rations
 T - 3 chunks of flesh


   Skills:
 - Level 8.3(13.3) Fighting
 - Level 5.3(10.3) Axes
 + Level 13.1(18.1) Bows
 + Level 8.2(13.2) Throwing
 - Level 2.3(7.3) Armour
 - Level 2.1(7.1) Shields
 + Level 11.4 Invocations


You had 10 spell levels left.
You didn't know any spells.
Your spell library contained the following spells:

 Spells                   Type           Power        Failure   Level  Hunger
 Teleport Other           Tloc           #.......     80%         3    ####...
 Summon Small Mammal      Summ           #...         43%         1    ##.....
 Blink                    Tloc           N/A          56%         2    ###....
 Animate Dead             Necr           N/A          99%         4    #####..
 Pain                     Necr           #...         43%         1    ##.....
 Animate Skeleton         Necr           N/A          43%         1    ##.....
 Vampiric Draining        Necr           #.........   80%         3    ####...
 Summon Ice Beast         Ice/Summ       #.......     99%         4    #####..
 Call Imp                 Summ           #.......     56%         2    ###....
 Regeneration             Chrm/Necr      #.........   80%         3    ####...
 Call Canine Familiar     Summ           #.......     80%         3    ####...
 Summon Butterflies       Summ           #.......     43%         1    ##.....
 Passage of Golubria      Tloc           N/A          99%         4    #####..
 Summon Hydra             Summ           #.........   100%        7    #######
 Shroud of Golubria       Chrm/Tloc      #.........   56%         2    ###....
 Summon Lightning Spire   Summ/Air       #.......     99%         4    #####..
 Summon Guardian Golem    Hex/Summ       #.......     80%         3    ####...
 Summon Mana Viper        Hex/Summ       #.......     100%        5    ######.
 Gell's Gravitas          Tloc           #.........   80%         3    ####...
 Lesser Beckoning         Tloc           #.........   80%         3    ####...


Dungeon Overview and Level Annotations

Branches:
Dungeon (12/15)            Temple (1/1) D:4            Lair (0/6) D:11
    Orc (0/2) D:10

Altars:
Ashenzari
Cheibriados
Dithmenos
Elyvilon
Fedhas
Gozag
Hepliaklqana
Kikubaaqudgha
Makhleb
Nemelex Xobeh
Okawaru
Qazlal
Ru
Sif Muna
Trog
Uskayaw
Vehumet
Wu Jian
Xom
Yredelemnul
Zin
The Shining One

Annotations:
D:9 1 runed door
D:12 Urug


Innate Abilities, Weirdness & Mutations

((You have hooves in place of feet.))
((Armour fits poorly on your strangely shaped body.))
((You cover ground very quickly.))
((You have extremely tough skin. (AC +3)))


Message History

You shoot an arrow. The arrow hits the centaur.
The centaur is moderately wounded.
The centaur shoots an arrow.
The arrow hits you.
* * * LOW HITPOINT WARNING * * *
The centaur shoots an arrow.
The arrow hits you.
* * * LOW HITPOINT WARNING * * *
Unknown command.
Firing (i - inventory)
l - 118 arrows (quivered)
Press: ? - help, Shift-Dir - straight line, f/p - centaur
Aim: a centaur, wielding a shortbow (moderately wounded)
You shoot an arrow. The arrow hits the centaur!!
You kill the centaur!
Okawaru accepts your kill.
Firing (i - inventory)
l - 117 arrows (quivered)
Press: ? - help, Shift-Dir - straight line, f - centaur
Aim: a centaur, wielding a shortbow You shoot an arrow.
The arrow hits the centaur.
The centaur is lightly wounded.
The centaur shoots an arrow.
The arrow hits you!
You die...

,,,,,,,,,,,......................
,,,,,,,,,,*#########+#......<....
,,,,,,,,***,,,,,,,,,,#.......####
,,,,,,,,*,,,,,,,,,,,,#.......#,,,
,,,,,,***,,,,,,,,,,,,#.......#,,,
,,,,,,*,,,,,,,,,,,,,,#.......#,,,
,,,,,,*,,,,,,,,,,,,,,#.......#+**
,,,,,,**+####+####+###.........,,
,,,,,,,,,.......♣..(.)((.......,,
,,,,,,,,,..........))).........,,
,,,,,,,,,...........(c.(.......,,
,,,,,,,,,............####.c....,,
,,,,,,,,,...###+######,,*.c....,,
,,,,,,,,,..,*,,,,,,,,,,,*..c...,,
,,,,,,,,,.,,*,,,,,,,,,,,*,c....,,
,,,,,,,,,,,,*,,,,,,,,,,,*,.c...,,
****++**,,,,*,,,,,,,,,,,*,,,,,,,,


You could see a centaur.

Vanquished Creatures
  Harold (D:11)
  5 two-headed ogres
  An unseen horror (D:11)
  Pikel (D:6)
  An ugly thing (D:7)
  A cyclops (D:12)
  2 hornets (D:8)
  A hippogriff (D:7)
  A slime creature (D:8)
  2 vampires
  4 yaks
  Sigmund (D:5)
  A wyvern (D:9)
  2 soldier ants
  2 porcupines (D:11)
  2 water moccasins
  An ice beast (D:7)
  5 sky beasts
  7 orc warriors
  A black bear (D:11)
  A necrophage (D:7)
  A phantom (D:7)
  5 ogres
  9 centaurs
  4 bullfrogs
  A wyvern skeleton (D:10)
  4 scorpions
  4 wights (D:9)
  3 howler monkeys
  3 crimson imps
  2 quasits
  10 orc priests
  6 orc wizards
  2 centaur skeletons
  8 hounds
  5 bullfrog skeletons
  6 jellies
  2 iguanas
  8 worker ants
  2 big kobold zombies (Ossuary)
  2 mummies (Ossuary)
  A howler monkey zombie (D:6)
  11 gnolls
  A howler monkey skeleton (D:7)
  9 adders
  2 shadow imps
  19 oozes
  5 adder zombies
  2 adder skeletons
  2 worms (D:2)
  4 dart slugs
  5 leopard geckos
  46 orcs
  8 giant cockroaches
  6 gnoll zombies (Ossuary)
  4 goblins
  6 hobgoblins
  11 jackals
  4 kobolds
  4 quokkas
  9 bats
  5 frilled lizards
  A goblin zombie (D:8)
  6 hobgoblin zombies (Ossuary)
  2 kobold zombies (Ossuary)
  3 orc zombies (Ossuary)
  A quokka zombie (D:8)
  11 rats
  A bush (D:6)
  A fungus (D:8)
320 creatures vanquished.

Vanquished Creatures (others)
  4 slaves (D:7)
  A hound (D:7)
  A bullfrog skeleton (D:7)
  A worker ant (D:7)
  An orc wizard (D:7)
  An orc (D:7)
  A giant cockroach (D:7)
  5 fungi (D:8)
15 creatures vanquished.

Grand Total: 335 creatures vanquished

Notes
Turn   | Place    | Note
-------+----------+-------------------------------------------
     0 | D:1      | protoss039 the Centaur Fighter began the quest for the Orb.
     0 | D:1      | Reached XP level 1. HP: 19/19 MP: 1/1
   362 | D:1      | Reached XP level 2. HP: 26/26 MP: 2/2
  1072 | D:2      | Reached XP level 3. HP: 32/33 MP: 3/3
  1534 | D:2      | Reached XP level 4. HP: 41/41 MP: 4/4
  2169 | D:3      | Found a faded altar of an unknown god.
  2223 | D:3      | Reached skill level 5 in Fighting
  2223 | D:3      | Reached XP level 5. HP: 26/48 MP: 5/5
  2625 | D:4      | Noticed an ogre
  2629 | D:4      | Killed an ogre
  2670 | D:4      | Reached XP level 6. HP: 54/57 MP: 6/6
  2747 | D:4      | Found a staircase to the Ecumenical Temple.
  3141 | Temple   | Entered the Ecumenical Temple
  3398 | Temple   | Became a worshipper of Warmaster Okawaru
  3543 | D:5      | Entered Level 5 of the Dungeon
  3954 | D:5      | Noticed a sky beast
  3962 | D:5      | Reached XP level 7. HP: 40/64 MP: 7/7
  4224 | D:5      | Noticed Sigmund
  4234 | D:5      | Killed Sigmund
  4234 | D:5      | Reached * piety under Okawaru
  4505 | D:5      | Reached skill level 5 in Axes
  4791 | D:6      | Reached XP level 8. HP: 74/74 MP: 8/8
  4799 | D:6      | Found a sacrificial altar of Ru.
  4864 | D:6      | Reached skill level 1 in Invocations
  5024 | D:6      | Reached skill level 1 in Bows
  5203 | D:6      | Found a burning altar of Makhleb.
  5210 | D:6      | Reached skill level 2 in Bows
  5210 | D:6      | Reached skill level 1 in Throwing
  5356 | D:6      | Found the +6 shillelagh "Devastator" {shatter}
  5400 | D:6      | Reached ** piety under Okawaru
  5400 | D:6      | Reached skill level 3 in Bows
  5606 | D:7      | Noticed Pikel
  5695 | D:6      | Killed Pikel
  5695 | D:6      | Reached skill level 5 in Bows
  5695 | D:6      | Reached XP level 9. HP: 48/82 MP: 10/12
  6077 | D:7      | Reached skill level 5 in Invocations
  6246 | D:7      | Reached skill level 6 in Bows
  7063 | D:7      | Reached skill level 7 in Bows
  7065 | D:7      | Got a fine brass ring
  7093 | D:7      | Reached *** piety under Okawaru
  7106 | D:7      | Identified the ring "Faifoez" {rPois rF+ rN+} (You took it off a vampire on level 7 of the Dungeon)
  7509 | D:7      | Noticed a troll
  7513 | D:7      | Noticed a brown ugly thing
  7689 | D:7      | Killed a brown ugly thing
  7689 | D:7      | Reached skill level 8 in Bows
  8476 | D:7      | Noticed an eight-headed hydra
  8819 | D:8      | Reached skill level 5 in Throwing
  8819 | D:8      | Reached XP level 10. HP: 54/88 MP: 15/15
  8942 | D:8      | Reached **** piety under Okawaru
  9020 | D:8      | Found a glowing golden altar of the Shining One.
  9054 | D:8      | Reached skill level 9 in Bows
  9062 | D:8      | Found a sand-covered staircase.
  9078 | Ossuary  | Entered an ossuary
  9480 | D:8      | Paralysed by a hornet for 3 turns
  9506 | D:8      | Paralysed by a hornet for 2 turns
  9911 | D:8      | Noticed a two-headed ogre
  9963 | D:8      | Killed a two-headed ogre
  9963 | D:8      | Reached skill level 10 in Bows
 10300 | D:8      | HP: 3/89 [orc warrior/short sword (12)]
 10716 | D:8      | Received a gift from Okawaru
 10989 | D:9      | Noticed a two-headed ogre
 11054 | D:9      | Killed a two-headed ogre
 11443 | D:9      | Found a white marble altar of Elyvilon.
 11443 | D:9      | Noticed an angel
 11444 | D:9      | Found a runed door.
 12137 | D:9      | Reached skill level 11 in Bows
 12173 | D:10     | Entered Level 10 of the Dungeon
 12195 | D:9      | Reached ***** piety under Okawaru
 12351 | D:11     | Received a gift from Okawaru
 13142 | D:10     | Reached XP level 11. HP: 95/95 MP: 18/18
 13974 | D:10     | Reached skill level 10 in Invocations
 14029 | D:10     | Found a staircase to the Orcish Mines.
 14150 | D:10     | Noticed a two-headed ogre
 14184 | D:10     | Killed a two-headed ogre
 14184 | D:10     | Received a gift from Okawaru
 14729 | D:10     | Noticed a two-headed ogre
 14847 | D:10     | Killed a two-headed ogre
 14941 | D:10     | Reached skill level 12 in Bows
 14952 | D:10     | Received a gift from Okawaru
 16073 | D:11     | Noticed Harold
 16114 | D:11     | HP: 1/95 [centaur/arrow (12)]
 16529 | D:11     | Noticed a two-headed ogre
 16563 | D:11     | Killed a two-headed ogre
 17583 | D:11     | Found a staircase to the Lair.
 17854 | D:11     | Killed Harold
 17854 | D:11     | Received a gift from Okawaru
 17982 | D:12     | Noticed Urug
 18205 | D:12     | Received a gift from Okawaru
 18277 | D:11     | Killed an unseen horror
 18277 | D:11     | Reached skill level 13 in Bows
 18307 | D:12     | Received a gift from Okawaru
 18308 | D:12     | HP: 7/142 [centaur/arrow (5)]
 18310 | D:12     | Shot with an arrow by a centaur

Vault maps used:
D:1:      nicolae_arrival_memento_mori
D:3:      chequers_ecumenical_altar_simple_redux
D:4:      minmay_temple_entry_mist, first_ration
D:5:      uniq_sigmund
D:6:      kennysheep_spiral_hall, nicolae_overflow_crystal_walls,
          kb_lookout_dungeons_type, hangedman_ru_absence
D:7:      minmay_the_grid_octo_tiled_squarecenter, uniq_pikel
D:8:      lemuel_slime, enter_ossuary_4, hangedman_pestilent_swarm, tso_altar
D:9:      lemuel_angel_altar
D:10:     david_orc_2
D:11:     grunt_lair_entry_orc_guard_hut, kennysheep_nondescript, uniq_harold
D:12:     lab_entry_generic, palyth_stone_intersect,
          minmay_hollow_rounded_squares, uniq_urug
Temple:   nicolae_temple_the_god_donut
Ossuary:  ossuary_tomb_2

Skill      XL: |  1  2  3  4  5  6  7  8  9 10 11 |
---------------+----------------------------------+-----
Axes           | 2 3 4 5 |  5.3
Fighting       | 4 5 6 8 |  8.3
Invocations    | 4 7 9 11 | 11.4
Bows           | 5 8 11 13 | 13.1
Throwing       | 3 5 6 8 |  8.2
Armour         | |  2.3
Shields        | |  2.1

Action                   |  1- 3 |  4- 6 |  7- 9 | 10-12 || total
-------------------------+-------+-------+-------+-------++-------
Melee: War axe           |   117 |   166 |   128 |       ||   411
       Kick              |    20 |    35 |    65 |   144 ||   264
       Spear             |       |       |    50 |   391 ||   441
       Whip              |       |       |    23 |     6 ||    29
       Shortbow          |       |       |       |     1 ||     1
       Punch             |       |       |       |     1 ||     1
 Fire: Shortbow          |       |       |   290 |   507 ||   797
Invok: Heroism           |       |       |     2 |     8 ||    10
       Finesse           |       |       |       |     2 ||     2
Evoke: Wand              |       |       |     4 |       ||     4
  Use: Scroll            |       |       |     8 |    13 ||    21
       Potion            |       |       |     1 |    10 ||    11
  Eat: Chunk             |     1 |     6 |    10 |    15 ||    32
       Ration            |       |       |     1 |     3 ||     4
Armor: Scale mail        |    71 |    88 |    55 |       ||   214
       Chain mail        |       |       |    91 |   274 ||   365
       Skin              |       |       |       |    53 ||    53
Dodge: Dodged            |    35 |    44 |    79 |   108 ||   266
Block: Shield            |    52 |    74 |       |       ||   126
       Buckler           |       |     7 |    20 |       ||    27

Table legend:
 A = Spawn XP
 B = Non-spawn XP
 C = Spawn XP percentage of total XP
 D = Spawn monster count
 E = Non-spawn monster count
 F = Spawn count percentage of total count
 G = Total turns spent on level
                    A         B        C        D         E        F      G
               +---------+---------+-------+---------+---------+-------+---------
         Total |       0 |   19702 |   0.0 |       0 |     316 |   0.0 | 18310
               +---------+---------+-------+---------+---------+-------+---------
           D:1 |       0 |      33 |   0.0 |       0 |      14 |   0.0 |   931
           D:2 |       0 |      66 |   0.0 |       0 |      27 |   0.0 |   693
           D:3 |       0 |     100 |   0.0 |       0 |      23 |   0.0 |   915
           D:4 |       0 |     332 |   0.0 |       0 |      20 |   0.0 |   721
           D:5 |       0 |     847 |   0.0 |       0 |      24 |   0.0 |  1242
           D:6 |       0 |    1473 |   0.0 |       0 |      22 |   0.0 |   933
           D:7 |       0 |    2551 |   0.0 |       0 |      31 |   0.0 |  2918
           D:8 |       0 |    2900 |   0.0 |       0 |      43 |   0.0 |  1978
           D:9 |       0 |    1778 |   0.0 |       0 |      17 |   0.0 |  1424
          D:10 |       0 |    3667 |   0.0 |       0 |      42 |   0.0 |  3969
          D:11 |       0 |    4730 |   0.0 |       0 |      24 |   0.0 |  1929
          D:12 |       0 |    1096 |   0.0 |       0 |       6 |   0.0 |   100
       Ossuary |       0 |     129 |   0.0 |       0 |      23 |   0.0 |   274
               +---------+---------+-------+---------+---------+-------+---------
